 Dungeon Crawl Stone Soup version 0.29.1-12-g30fa7ad0bf (webtiles) character file.

Game seed: 17318492378538756499

5 zinnoa the Grasshopper (level 1, -1/16 HPs)
             Began as a Human Warper on Jan 16, 2023.
             Slain by a kobold
             ... wielding a +0 whip of flaming
              (4 damage)
             ... on level 1 of the Dungeon.
             The game lasted 00:13:07 (372 turns).

zinnoa the Grasshopper (Human Warper)                Turns: 372, Time: 00:13:07

Health: -1/16      AC:  3    Str: 11    XL:     1   Next: 88%
Magic:  3/3        EV: 11    Int: 13    God:
Gold:   0          SH:  0    Dex: 12    Spells: 4/4 levels left

rFire   . . .      SeeInvis .   a - +0 falchion
rCold   . . .      Faith    .   (no shield)
rNeg    . . .      Spirit   .   b - +0 leather armour
rPois   .          Reflect  .   (no helmet)
rElec   .          Harm     .   (no cloak)
rCorr   .          Rampage  .   (no gloves)
Will    .....                   (no boots)
Stlth   +.........              (no amulet)
HPRegen 0.05/turn               (no ring)
MPRegen 0.08/turn               (no ring)

@: no status effects
A: no striking features
a: no special abilities


You were on level 1 of the Dungeon.
You visited 1 branch of the dungeon, and saw 1 of its levels.

Inventory:

Hand Weapons
 a - a +0 falchion (weapon)
 e - a +0 spear
 i - a +0 dagger
Missiles
 d - 7 boomerangs of dispersal (quivered)
 g - 3 stones
Armour
 b - a +0 leather armour (worn)
 f - a +0 leather armour
Scrolls
 c - a scroll of blinking
 h - a scroll of identify {unknown}


   Skills:
 + Level 2.0 Fighting
 + Level 2.1 Long Blades
 + Level 1.0 Throwing
 + Level 1.0 Armour
 + Level 2.0 Dodging
 * Level 2.0 Spellcasting
 * Level 3.2 Translocations


You had 4 spell levels left.
You didn't know any spells.
Your spell library contained the following spells:

 Spells                   Type           Power      Damage    Failure   Level
 Blink                    Tloc           18%        N/A       14%         2
 Gell's Gravitas          Tloc           9%         N/A       26%         3
 Lesser Beckoning         Tloc           9%         N/A       26%         3
 Teleport Other           Tloc           9%         N/A       26%         3
 Dazzling Flash           Conj/Hex       2%         N/A       69%         3
 Iskenderun's Mystic Bla  Conj/Tloc      5%         2d3       86%         4
 Manifold Assault         Tloc           9%         N/A       94%         5
 Starburst                Conj/Fire      0%         6d3       100%        6


Dungeon Overview and Level Annotations

Branches:
Dungeon (1/15)

Altars:


Message History

You start resting.
HP restored.
You pick up a book of Spectacle and begin reading...
You add the spells Dazzling Flash, Iskenderun's Mystic Blast and Starburst to your library.
A quokka and a kobold come into view.
The kobold is wielding a +0 whip of flaming.
You can't go up here!
Okay, then.
Press: ? - help, v - describe, . - travel
Here: a kobold, wielding a +0 whip of flaming The floor.
The quokka twitches its whiskers.
You barely miss the quokka. The quokka closely misses you.
You completely miss the quokka. The quokka bites you.
The quokka barely misses you.
You hit the quokka.
The quokka is heavily wounded.
The quokka misses you.
You miss the quokka.
The quokka is heavily wounded.
The quokka bites you.
You hit the quokka.
The quokka is severely wounded.
The quokka bites you but does no damage.
The quokka bites you.
You miss the quokka.
The quokka is severely wounded.
The quokka bites you.
You slash the quokka!
You kill the quokka!
You barely miss the kobold.
The kobold hits you with a +0 whip of flaming.
* * * LOW HITPOINT WARNING * * *
The kobold burns you.
* * * LOW HITPOINT WARNING * * *
The kobold attacks as you move away! The kobold misses you.
The kobold attacks as you move away! The kobold closely misses you.
The kobold attacks as you move away!
The kobold hits you with a +0 whip of flaming.
You die...

### #.# ≈≈#
#.# ≈≈# #.#
≈≈# #.# ≈≈#
#.# ≈≈# #.#
≈≈# #.# ≈≈#
###########.#
≈≈#
#....@K.....#
≈≈#
#.###########
≈≈# #.#.. ≈≈#
#.#.# ≈≈# #
###.#.#####
≈≈#
#.#.....#...
~≈#
#.#.......#
≈≈#
#.........#
≈≈#
###.......#


You could see a kobold.

Vanquished Creatures
  A quokka (D:1)
  2 ball pythons (D:1)
  A bat (D:1)
  A frilled lizard (D:1)
  A goblin (D:1)
6 creatures vanquished.

Notes
Turn   | Place    | Note
-------+----------+-------------------------------------------
     0 | D:1      | zinnoa the Human Warper began the quest for the Orb.
     0 | D:1      | Reached XP level 1. HP: 16/16 MP: 3/3
   372 | D:1      | Slain by a kobold

Illustrated notes

Levels and vault maps discovered:
D:1:      zaba_arrival_water, layout_loops_ring

Action                   || total
-------------------------++-------
Melee: Falchion          ||    31
Armor: Leather armour    ||    12
Dodge: Dodged            ||    27
